Cogmind - Beta 15 @@@ ROGUE MODE // 2025.06.08 @ 00:03:13 // Winter2019/RPGLIKE Player: Jack Result: Destroyed by S-27 Virus with Autogun Performance ------------- Evolutions (1) 500 Regions Visited (5) 1000 Robots Destroyed (20) 100 Value Destroyed (428) 428 Prototype IDs (1) 20 Alien Tech Used (0) 0 Bonus (714) 714 TOTAL SCORE: 2762 Bonus ------- Follower Combat Kills 114 Met Imprinter 300 Was Imprinted 300 Cogmind --------- Core Integrity 0/600 Matter 292/300 Energy 125/125 System Corruption 0% Temperature Warm (188) Movement Flying (37) Location -6/Proximity Caves Parts ------- > --- POWER (1) -------- Light Ion Engine > --- PROPULSION (2) --- Flight Unit Flight Unit > --- UTILITY (1) ------ (None) > --- WEAPON (4) ------- Assault Rifle Light Assault Rifle Light Assault Rifle Light Assault Rifle > --- INVENTORY (0) ---- (None) Peak State ------------ > --- POWER ------------ Light Ion Engine > --- PROPULSION ------- Flight Unit Flight Unit > --- UTILITY ---------- Phasing AFG > --- WEAPON ----------- Assault Rifle Light Assault Rifle Light Assault Rifle Light Assault Rifle > --- INVENTORY -------- (None) [Rating: 20] Favorites ----------- Power Light Ion Engine Engine Light Ion Engine Propulsion Flight Unit Flight Unit Flight Unit Utility Phasing AFG Device Phasing AFG Weapon Light Assault Rifle Energy Gun Particle Gun Ballistic Gun Light Assault Rifle Build | -11 -10 -9 -9 -7 -6 ------- Run | Yrd Mat Mat Min Zio Pro Slots Evolved 4 | 4 . . . . . Power . | . . . . . . Propulsion 1 | 1 . . . . . Utility . | . . . . . . Weapon 3 | 3 . . . . . Parts Attached 12 | 2 8 1 . 1 . Power 3 | . 3 . . . . Engine 3 | . 3 . . . . Core . | . . . . . . Reactor . | . . . . . . Propulsion 3 | . 2 1 . . . Treads . | . . . . . . Leg . | . . . . . . Wheel . | . . . . . . Hover . | . . . . . . Flight 3 | . 2 1 . . . Utility 1 | . . . . 1 . Device 1 | . . . . 1 . Storage . | . . . . . . Processor . | . . . . . . Hackware . | . . . . . . Protection . | . . . . . . Artifact . | . . . . . . Weapon 5 | 2 3 . . . . Energy Gun 1 | . 1 . . . . Energy Cannon . | . . . . . . Ballistic Gun 4 | 2 2 . . . . Ballistic Cannon . | . . . . . . Launcher . | . . . . . . Special Weapon . | . . . . . . Impact Weapon . | . . . . . . Slashing Weapon . | . . . . . . Piercing Weapon . | . . . . . . Special Melee Weapon . | . . . . . . Unidentified Prototypes 1 | . . . . 1 . Parts Lost . | . . . . . . Power . | . . . . . . Propulsion . | . . . . . . Utility . | . . . . . . Weapon . | . . . . . . Highest Loss Streak . | . . . . . . To Critical Strikes . | . . . . . . Average Backups . | . . . . . . Power . | . . . . . . Propulsion . | . . . . . . Utility . | . . . . . . Weapon . | . . . . . . Tool/Special . | . . . . . . Unused Backups . | . . . . . . Power . | . . . . . . Propulsion . | . . . . . . Utility . | . . . . . . Weapon . | . . . . . . Tool/Special . | . . . . . . Average Slot Usage (%) 80 | . 46 87 87 87 87 Engine 10 | . 3 12 12 12 12 Flight 22 | . 8 25 25 25 25 Ballistic Gun 46 | . 31 50 50 50 50 Peak Build Rating 20 | 2 7 7 7 20 7 Average Rating 6 | 1 4 7 7 7 7 On Entrance 5 | . 2 7 7 7 7 Naked Turns . | . . . . . . Heaviest Build 8 | 3 8 8 8 8 8 Greatest Support 13 | 8 13 13 13 13 13 Greatest Overweight (x) . | . . . . . . Average Overweight (x) . | . . . . . . Largest Inventory Capacity . | . . . . . . Average Capacity . | . . . . . . Most Carried . | . . . . . . Average Carried . | . . . . . . Final Capacity . | . . . . . . Final Carried . | . . . . . . Class Distribution -------------------- 75% | Scavenger-Gunner 13% | Hacker-Gunner 8% | Mutant 3% | Gunner Dominant Class ---------------- Scavenger-Gunner | -10/Materials Scavenger-Gunner | -9/Materials Scavenger-Gunner | -9/Mines Scavenger-Gunner | -7/Zion Hacker-Gunner | -6/Proximity Caves Resources | -11 -10 -9 -9 -7 -6 ----------- Run | Yrd Mat Mat Min Zio Pro Matter Collected 569 | 206 107 106 . 22 128 Remotely . | . . . . . . Salvage Created 327 | . 133 92 . . 102 Parts 40 | . 23 9 . . 8 Haulers Intercepted . | . . . . . . Recyclers Shooed . | . . . . . . Parts Field Recycled . | . . . . . . Retrieved Matter . | . . . . . . Parts Self-Destructed 17 | . . . . . 17 Prevented 1 | . . . . . 1 Kills | -11 -10 -9 -9 -7 -6 ------- Run | Yrd Mat Mat Min Zio Pro Combat Hostiles Destroyed 19 | . 8 5 . . 6 Guns 19 | . 8 5 . . 6 Classes Destroyed 4 | . 3 1 . . . Operator 1 | . 1 . . . . Swarmer 15 | . 6 3 . . 6 Grunt 3 | . 2 1 . . . Sentry 1 | . . 1 . . . Best Kill Streak 5 | . 4 5 . . 5 Combat Bots Only 5 | . 3 5 . . 5 Max Kills in Single Turn 1 | . 1 1 . . 1 Gunslinging . | . . . . . . Exploded . | . . . . . . Melee . | . . . . . . Uniques/NPCs Destroyed . | . . . . . . Combat | -11 -10 -9 -9 -7 -6 -------- Run | Yrd Mat Mat Min Zio Pro Hostile Shots Fired 137 | . 33 15 . . 89 Missed 38 | . 7 6 . . 25 Hits 99 | . 26 9 . . 64 Projectile 99 | . 26 9 . . 64 Damage Taken 1314 | . 241 88 . . 985 Core 1060 | . 199 68 . . 793 Absorbed by Shields . | . . . . . . Redirected to Core 853 | . 135 68 . . 650 Core Remaining (%) 94 | 100 89 . . . . Volleys Fired 48 | . 15 8 . . 25 Largest 4 | . 3 4 . . 4 Hottest 105 | . 105 80 . . 80 Shots Fired 158 | . 40 32 . . 86 Gun 158 | . 40 32 . . 86 Cannon . | . . . . . . Launcher . | . . . . . . Special . | . . . . . . Kinetic 151 | . 33 32 . . 86 Thermal 7 | . 7 . . . . Explosive . | . . . . . . Electromagnetic . | . . . . . . Robot Hit Streak 9 | . 5 9 . . 5 Robot Miss Streak 6 | . 2 4 . . 6 Penetration Max . | . . . . . . Secondary Targets 4 | . 1 . . . 3 Max Gunslinging Chain 1 | . 1 . . . 1 Shots Hit Robots 78 | . 22 22 . . 34 Core Hits 38 | . 13 10 . . 15 Critical Kills . | . . . . . . Critical Parts Destroyed . | . . . . . . Critical Strikes . | . . . . . . Melee Attacks . | . . . . . . Impact . | . . . . . . Slashing . | . . . . . . Piercing . | . . . . . . Sneak Attacks . | . . . . . . Combat Hostiles . | . . . . . . Follow-up Attacks . | . . . . . . Damage Inflicted 754 | . 249 190 . . 315 Guns 754 | . 249 190 . . 315 Cannons . | . . . . . . Explosions . | . . . . . . Melee . | . . . . . . Ramming . | . . . . . . Kinetic 736 | . 231 190 . . 315 Thermal 18 | . 18 . . . . Explosive . | . . . . . . Electromagnetic . | . . . . . . Impact . | . . . . . . Slashing . | . . . . . . Piercing . | . . . . . . Highest Corruption . | . . . . . . Average Corruption . | . . . . . . Corruption Purged . | . . . . . . Corruption Blocked . | . . . . . . Overload Shots . | . . . . . . Overflow Damage . | . . . . . . Projectiles . | . . . . . . Explosions . | . . . . . . Melee . | . . . . . . Knockbacks . | . . . . . . Impact . | . . . . . . Kinetic . | . . . . . . Secondary . | . . . . . . Self-Inflicted Damage . | . . . . . . Shots . | . . . . . . Rammed . | . . . . . . Targets Rammed . | . . . . . . Kicked . | . . . . . . Crushed . | . . . . . . Highest Temperature 282 | . 210 166 . . 282 Average Temperature 122 | . 83 69 . . 162 Received Heat Transfer 72 | . 48 15 . . 9 Effects 2 | . . . . . 2 Interference 2 | . . . . . 2 Siege Activations . | . . . . . . Martial Activations . | . . . . . . Shielding Activations . | . . . . . . Robots Disrupted . | . . . . . . Combat Hostiles . | . . . . . . Robots Corrupted . | . . . . . . Combat Hostiles . | . . . . . . Parts Fried . | . . . . . . Impact Corruptions . | . . . . . . Robots Melted . | . . . . . . Combat Hostiles . | . . . . . . Parts Melted . | . . . . . . Heat Transferred 37 | . 37 . . . . Parts Sabotaged . | . . . . . . Parts Stolen . | . . . . . . Parts Stripped . | . . . . . . Power Chain Reactions . | . . . . . . Alert | -11 -10 -9 -9 -7 -6 ------- Run | Yrd Mat Mat Min Zio Pro Maximum Alert Level . | . . . . . . Low Security (%) 100 | 100 100 100 100 . . Level 1 . | . . . . . . Level 2 . | . . . . . . Level 3 . | . . . . . . Level 4 . | . . . . . . Level 5 . | . . . . . . High Security . | . . . . . . Max Security . | . . . . . . Peak Influence 185 | . 185 173 63 . . Initial 73 | . . 73 63 . . Average 78 | . 78 129 51 . . Influence Increases 773 | . 255 120 . . 398 Destroy 0b10 Robot/C 460 | . 160 100 . . 200 Destroy 0b10 Robot/NC 15 | . 5 . . . 10 Destroy Leader 70 | . 30 20 . . 20 Allied During Kill 78 | . . . . . 78 Partial Spotted 15 | . 15 . . . . Lose Combat Pursuer 135 | . 45 . . . 90 Influence Decreases 555 | . 80 132 130 33 180 Entered New Map 235 | . . 102 100 33 . Time Decay 260 | . 80 30 30 . 120 Lost Ally 60 | . . . . . 60 Squads Dispatched 1 | . . 1 . . . Investigation . | . . . . . . Extermination . | . . . . . . Reinforcement 1 | . . 1 . . . Assault . | . . . . . . Garrison . | . . . . . . Intercept . | . . . . . . Searches Triggered . | . . . . . . Construction Impeded . | . . . . . . Haulers Reinforced . | . . . . . . Active Scanning Responses . | . . . . . . Cargo Convoy Interrupts . | . . . . . . Stealth | -11 -10 -9 -9 -7 -6 --------- Run | Yrd Mat Mat Min Zio Pro Distress Signals . | . . . . . . Communications Jammed . | . . . . . . Distress Signals . | . . . . . . Times Spotted 40 | . 13 8 . . 19 Peak Tracking Total 7 | . 4 3 . . 7 Tactical Retreats 5 | . 2 . . . 3 Traps | -11 -10 -9 -9 -7 -6 ------- Run | Yrd Mat Mat Min Zio Pro Traps Triggered . | . . . . . . Indirectly . | . . . . . . Trap Hack Attempts . | . . . . . . Triggered . | . . . . . . Disarmed . | . . . . . . Reprogrammed . | . . . . . . Reused . | . . . . . . Traps Extracted . | . . . . . . Installed . | . . . . . . Triggered . | . . . . . . Machines | -11 -10 -9 -9 -7 -6 ---------- Run | Yrd Mat Mat Min Zio Pro Machines Disabled . | . . . . . . Max in Single Turn . | . . . . . . Machines Repaired . | . . . . . . Machines Dismantled . | . . . . . . Machines Sabotaged . | . . . . . . Overloaded Fab Kills . | . . . . . . Hacking | -11 -10 -9 -9 -7 -6 --------- Run | Yrd Mat Mat Min Zio Pro Machines Accessed . | . . . . . . Terminals . | . . . . . . Fabricators . | . . . . . . Repair Stations . | . . . . . . Recycling Units . | . . . . . . Scanalyzers . | . . . . . . Garrison Access . | . . . . . . Total Hacks . | . . . . . . Successful . | . . . . . . Failed . | . . . . . . Catastrophic . | . . . . . . Database Lockouts . | . . . . . . Manual . | . . . . . . Terminals . | . . . . . . Fabricators . | . . . . . . Repair Stations . | . . . . . . Recycling Units . | . . . . . . Scanalyzers . | . . . . . . Garrison Access . | . . . . . . Terminal Hacks . | . . . . . . Fabricator Hacks . | . . . . . . Repair Station Hacks . | . . . . . . Recycling Unit Hacks . | . . . . . . Scanalyzer . | . . . . . . Garrison Access Hacks . | . . . . . . Unauthorized Hacks . | . . . . . . Terminals . | . . . . . . Fabricators . | . . . . . . Repair Stations . | . . . . . . Recycling Units . | . . . . . . Scanalyzers . | . . . . . . Garrison Access . | . . . . . . Data Cores Recovered 1 | . 1 . . . . Used . | . . . . . . Hacking Detections . | . . . . . . Full Trace Events . | . . . . . . Feedback Events . | . . . . . . Feedback Blocked . | . . . . . . Robot Schematics Acquired 3 | . . . . 3 . Robots Built . | . . . . . . Authchips . | . . . . . . Time . | . . . . . . Total Robot Build Rating . | . . . . . . Part Schematics Acquired 15 | . . . . 15 . Parts Built . | . . . . . . Authchips . | . . . . . . Time . | . . . . . . Total Part Build Rating . | . . . . . . Parts Repaired . | . . . . . . Time . | . . . . . . Parts Recycled . | . . . . . . Recycled Matter . | . . . . . . Retrieved Matter . | . . . . . . Retrieved Components . | . . . . . . Parts Scanalyzed . | . . . . . . Part Schematics Acquired . | . . . . . . Parts Damaged . | . . . . . . Bothacking | -11 -10 -9 -9 -7 -6 ------------ Run | Yrd Mat Mat Min Zio Pro Used RIF Installer . | . . . . . . Robots Hacked . | . . . . . . Non-combat . | . . . . . . Combat . | . . . . . . Robot Hacks Applied . | . . . . . . Relay Couplers Released . | . . . . . . Fabnet Peak Effective % . | . . . . . . Robots Rewired . | . . . . . . Allies Hacked . | . . . . . . Hacks Repelled . | . . . . . . Allies | -11 -10 -9 -9 -7 -6 -------- Run | Yrd Mat Mat Min Zio Pro Total Allies 7 | . . . 3 4 . Largest Group 7 | . . . 3 7 7 Highest-Rated Group 199 | . . . 40 199 199 Highest-Rated Ally 41 | . . . 16 41 41 Total Orders . | . . . . . . Ally Attacks 32 | . . . . . 32 Total Damage 470 | . . . . . 470 Kills 6 | . . . . . 6 Allies Corrupted . | . . . . . . Allies Melted . | . . . . . . Intel | -11 -10 -9 -9 -7 -6 ------- Run | Yrd Mat Mat Min Zio Pro Active Infowar (turns) . | . . . . . . Robot Analysis Total . | . . . . . . Derelict Logs Recovered 2 | . . . 1 1 . Drone Launches . | . . . . . . Drone Recoveries . | . . . . . . Exploration | -11 -10 -9 -9 -7 -6 ------------- Run | Yrd Mat Mat Min Zio Pro Turns Passed 1327 | 25 219 75 65 695 248 Spaces Moved 1701 | 41 315 112 47 833 353 Core 193 | 41 152 . . . . Treads . | . . . . . . Legs . | . . . . . . Wheels . | . . . . . . Hover . | . . . . . . Flight 1508 | . 163 112 47 833 353 Fastest Speed 37 | 50 37 37 37 37 37 Average Speed 38 | 50 43 37 37 37 37 Slowest Speed 50 | 50 50 37 37 37 37 Overloaded Moves . | . . . . . . Propulsion Burnouts . | . . . . . . Robots Hopped 3 | . . 2 . . 1 Potential Cave-ins . | . . . . . . Cave-ins Triggered . | . . . . . . Exploration Rate (%) 40 | 3 63 14 20 89 53 Regions Visited 5 Branch Regions 3 Pre-discovered Areas 2 | . . . 1 1 . Known Exits Taken . | . . . . . . Unknown Exits Taken 5 | 1 1 1 1 1 . Scrap Searched 3 | . . . . 1 2 Spaces Dug . | . . . . . . Terrain Destroyed . | . . . . . . Melee . | . . . . . . Projectile . | . . . . . . AOE . | . . . . . . Terrain Rammed . | . . . . . . Walls Destroyed . | . . . . . . Machines Disabled . | . . . . . . Actions | -11 -10 -9 -9 -7 -6 --------- Run | Yrd Mat Mat Min Zio Pro Total 2273 | 44 366 128 93 1219 423 Wait 488 | . 18 . 47 385 38 Move 1690 | 40 314 107 46 832 351 Hop 3 | . . 2 . . 1 Pick Up . | . . . . . . Fast Attach 9 | 2 6 . . 1 . Attach . | . . . . . . Detach . | . . . . . . Swap 4 | 1 2 1 . . . Drop 6 | 1 3 1 . 1 . Fire 48 | . 15 8 . . 25 Melee . | . . . . . . Ram . | . . . . . . Kick . | . . . . . . Crush . | . . . . . . Escape Stasis . | . . . . . . Rewire . | . . . . . . Trap . | . . . . . . Miscellaneous 25 | . 8 9 . . 8 Route ------- -11/Scrapyard -10/Materials (discovered 2 exits: [*Mat x2]) -9/Materials (discovered 2 exits: [*Min] / [*Sto]) -9/Mines -7/Zion -6/Proximity Caves History --------- Turn | Location | Event 4 | -11/Scrapyard | Discovered new exit (range 14) 12 | -11/Scrapyard | Upgraded with Propulsion slot (x1) 12 | -11/Scrapyard | Upgraded with Weapon slot (x3) 26 | -11/Scrapyard | Entered Materials 67 | -10/Materials | Discovered new exit (range 10) 185 | -10/Materials | Discovered new exit (range 10) 245 | -10/Materials | Entered another Materials area 245 | -9/Materials | Discovered new exit (range 7) 247 | -9/Materials | Reached level 2 254 | -9/Materials | Discovered new exit (range 15) 297 | -9/Materials | Reached level 3 320 | -9/Materials | Entered Mines 323 | -9/Mines | Learned location of Storage (-9) 325 | -9/Mines | Assisted by bots powering up and referring to "LRC-V3" 343 | -9/Mines | A Derelict revealed a hidden shortcut to a safe place 385 | -9/Mines | Entered Zion 385 | -7/Zion | Accompanied by 3 allies 454 | -7/Zion | Build established: Scavenger-Gunner 483 | -7/Zion | Learned location of 1 exit from Factory 494 | -7/Zion | Learned location of Armory (-4) 529 | -7/Zion | Met Imprinter 586 | -7/Zion | Imprinted 588 | -7/Zion | Declared Zion's savior 683 | -7/Zion | Found Prototype Device 683 | -7/Zion | Identified Phasing AFG 758 | -7/Zion | Received a hallucinogenic algorithm 803 | -7/Zion | Given A8's code to call for help 1017 | -7/Zion | Discovered new exit (range 15) 1080 | -7/Zion | Entered Proximity Caves 1080 | -6/Proximity Caves | Accompanied by 7 allies 1082 | -6/Proximity Caves | Reached level 4 1082 | -6/Proximity Caves | Spotter reported a threat 1184 | -6/Proximity Caves | Reached level 5 1299 | -6/Proximity Caves | Core integrity fell below 50% 1317 | -6/Proximity Caves | Core integrity fell below 20% 1328 | -6/Proximity Caves | Destroyed by S-27 Virus with Autogun Last Messages --------------- Acquired 30 matter. Acquired 2 matter. Autogun fries itself beyond repair. VTOL Module fries itself beyond repair. MO-XVT(S) destroyed. S-27 Virus destroyed. Switching to secondary target: S-27 Virus. Acquired 22 matter. Overheating: System interference. Lgt. Assault Rifle temporarily disabled. Mercenary 2a destroyed. Autogun fries itself beyond repair. Lgt. Nuclear Core fries itself beyond repair. S-27 Virus destroyed. Acquired 18 matter. S-27 Virus destroyed. Acquired 4 matter. VTOL Module fries itself beyond repair. Acquired 4 matter. Protomatter-10 decays. Map ----- +----------------------------------------------------+ | ?????????????????????????????????????????????????? | | ?????????????????????????????????????????????????? | | ?????????????????????????????????????????????????? | | ?????????????????????????????????????????????????? | | ?????????????????????????????????????????????????? | | ?????????????????????????????????????????????????? | | ?????????????????????????????????????????????????? | | ?????????????????????????????????????????????????? | | ?????????????????????????????????????????????????? | | ?????????????????????????????????????????????????? | | ?????????????????????????????????????????????????? | | ?????????????????????????????????????????????????? | | ?????????????????????????????????????????????????? | | ?????????????????????????????????????????????????? | | ???????????????????##############???????????????## | | ????????????###????# #??????????????## | | ???????????## ##??# ##?????????????# | | ???????????# ##?# ######## #####?????##### | | ???????????# #?# #??????# ##??### | | ????????????# #?# #??????# #### # | | ????????????## ### #??????##### ## # | | ?????????????## ## ####??????## # | | ??????????????## ##?????# ## | | ???????????????# s####??# / #? | | ???????????????## s% #### % ##? | | ????????????????## @#*%[! ! !### | | ?????????????????## ## ## %% !%! | | ??????????????????###### ## ##### !%## | | ???????????????????????# ## #???# #### | | ???????????????????????# ## #?### ##??## | | ???????????????????????# ## ### ######??## | | ???????????????????????# ## ## #?## ##### | | ??????????????????????# ## ### | | ????????????????????? ## # | | ???????????????????? ## ### ##### | | ??????????????????? ## #### ##?# #???? | | ????????????????? #?###??# ##### #??# #???? | | ???????????????? ##???????# #???# #???? | | ??????????????? #??????#### #### ???? | | ??????????????## #??????## ### ##### ???? | | ???????????????# ???????# ##?####???## ??? | | ??????????????? ????????# ! ] #???????????#? ?? | | ?????????????? ????????## %! #?????????????? ? | | ????????????????????????# =#####???????????????? | | ????????????????????????# #???????????????????? | | ????????????????????????# #???????????????????? | | ??????????????????###??## #???????????????????? | | ??????????????????# ?# ##???????????????????? | | ???????????????????# ## #????????????????????? | | ????????????????????# ##????????????????????? | +----------------------------------------------------+ Best States ------------- Heat Dissipation 25 Energy Generation 10 Energy Capacity 125 Matter Stores 300 Matter Capacity 300 Sight Range 16 Terrain Scan Density 10 Evasion (%) 62 Offensive Hacking 35 Item Schematics ----------------- Adv. Heat Sink | -7/Zion | Archive Kinecellerator | -7/Zion | Archive Spear | -7/Zion | Archive Focal Shield | -7/Zion | Archive Imp. Recalibrator | -7/Zion | Archive Armor Integrity Analyzer | -7/Zion | Archive Hvy. Plasma Cannon | -7/Zion | Archive Enh. Gauss Cannon | -7/Zion | Archive Energy Filter | -7/Zion | Archive EM Shield | -7/Zion | Archive Hvy. Laser | -7/Zion | Archive Adv. Terrain Scanner | -7/Zion | Archive Adv. ECM Suite | -7/Zion | Archive Power Sword | -7/Zion | Archive Coolant Injector | -7/Zion | Archive Robot Schematics ------------------ L-31 Rogue | -7/Zion | Archive M-14 Sweeper | -7/Zion | Archive W-25 Informer | -7/Zion | Archive Fabricated ------------ Nothing Repaired ---------- Nothing Alien Tech Used ----------------- None Achievements -------------- None Challenges ------------ None RPGLIKE | -11 -10 -9 -9 -7 -6 --------- Run | Yrd Mat Mat Min Zio Pro Levels Raised 4 | . . 2 . . 2 XP Earned 9851 | 3000 950 2100 500 800 2501 XP Spent 8600 | 3000 . . . . 5600 Upgrades 12 | 5 . . . . 7 Propulsion Slot 1 | 1 . . . . . Weapon Slot 3 | 3 . . . . . Mass Support 1 | 1 . . . . . Hack Attack % 7 | . . . . . 7 Protomatter Created 177 | . 64 63 . . 50 Integrity Restored 539 | . 161 186 . . 192 Core 459 | . 138 129 . . 192 Parts 80 | . 23 57 . . . Protomatter Decayed 20 | . 10 . . . 10 Game ------ Seed CargoEtherialPropulsion Manual? 0 Play Time 00:11:37 Cumulative 268.2 hours Start 2025.06.07 @ 23:51:24 End 2025.06.08 @ 00:03:13 Sessions 1 Manual Loads 0 Difficulty Rogue Special Mode Winter2019/RPGLIKE Game No. 269 Rogue 80 Adventurer 177 Explorer 12 Win Type - Total 65 Types 19/1/16/2/12/0/4/5/0/6 Lore% 55 Gallery% 54 Achievement% 71 Wizard Run 0 Options --------- Layout 0 ASCII 0 Keyboard 0 Movement Numpad Keybinds 0 Fullscreen 2 Font 12/Smallcaps Map View 83x54 Zoom Use 0% Tactical HUD 0 Map Filters NONE Filters NONE Steam 1 RUN: 2712c736-a8a8-4e32-9205-1d3807b7502e